 Dungeon Crawl Stone Soup version 0.26-a0-661-g406de6ba63 (webtiles) character file.

Game seed: 8402920517401133342

327 halkony2012 the Slasher (level 6, -4/53 HPs)
             Began as a Minotaur Fighter on Oct 8, 2020.
             Slain by a river rat (6 damage)
             ... on level 4 of the Dungeon.
             The game lasted 00:07:47 (3186 turns).

halkony2012 the Slasher (Minotaur Fighter)          Turns: 3186, Time: 00:07:48

Health: -4/53      AC: 11    Str: 22    XL:     6   Next: 24%
Magic:  5/5        EV:  6    Int:  5    God:
Gold:   213        SH: 10    Dex: 10    Spells: 5/5 levels left

rFire    . . .     SeeInvis .   a - +1 long sword
rCold    . . .     Faith    .   c - +1 kite shield
rNeg     . . .     Spirit   .   g - +0 chain mail
rPois    .         Reflect  .   (helmet unavailable)
rElec    .         Harm     .   (no cloak)
rCorr    .         Rampage  .   l - +0 pair of gloves
MR       .....                  d - +0 pair of boots
Stlth    ..........             (no amulet)
HPRegen  0.17/turn              (no ring)
MPRegen  0.09/turn              (no ring)

@: very slow
A: retaliatory headbutt, horns 3, sturdy frame 1
a: no special abilities


You were on level 4 of the Dungeon.
You visited 1 branch of the dungeon, and saw 4 of its levels.

You collected 213 gold pieces.

Inventory:

Hand Weapons
 a - a +1 long sword (weapon)
Armour
 b - a +0 scale mail
 c - a +1 kite shield (worn)
 d - a +0 pair of boots (worn)
 g - a +0 chain mail (worn)
 l - a +0 pair of gloves (worn)
Scrolls
 f - a scroll of amnesia
 h - 3 scrolls of identify
 n - a scroll of blinking
Potions
 e - 3 potions of curing
 i - 3 potions of brilliance {unknown}
 k - a potion of mutation
 m - a potion of flight {unknown}
 q - a potion of stabbing {unknown}


   Skills:
 + Level 4.5 Fighting
 * Level 7.0 Long Blades
 - Level 3.8 Armour
 + Level 0.7 Dodging
 + Level 0.6 Stealth
 - Level 3.9 Shields


You had 5 spell levels left.
You didn't know any spells.
Your spell library contained the following spells:

 Spells                   Type           Power        Failure   Level
 Confusing Touch          Hex            #.......     100%        3
 Gell's Gravitas          Tloc           #.........   100%        3
 Petrify                  Tmut/Erth      #.......     100%        4
 Metabolic Englaciation   Hex/Ice        #.........   100%        5
 Yara's Violent Unravell  Hex/Tmut       #.........   100%        5


Dungeon Overview and Level Annotations

Branches:
Dungeon (4/15)
 Temple: D:4-7

Altars:
Gozag
Kikubaaqudgha
Makhleb
Nemelex Xobeh
Ru
Xom
The Shining One

Shops:
D:4 [


Innate Abilities, Weirdness & Mutations

You reflexively headbutt those who attack you in melee.
You have a pair of large horns on your head.
Your movements are slightly less encumbered by armour. (ER -2)


Message History

It was a potion of mutation.
You feel extremely strange.
You feel less encumbered by your armour.
The horns on your head grow some more. You block the iguana's attack.
An orc comes into view.
The orc shouts!
The orc priest mumbles some strange prayers to Beogh against you.
Beogh smites you!
* * * LOW HITPOINT WARNING * * *
Found a puce potion and 13 gold pieces.
As you read the scroll of teleportation, it crumbles to dust.
You feel strangely unstable. The iguana bites you!
* * * LOW HITPOINT WARNING * * *
Your surroundings suddenly seem different.
Splash!
You fall into the shallow water.
Moving in this stuff is going to be slow.
The giant cockroach bites you but does no damage.
The river rat bites you.
You die...

#... #.$...!.##...
#.#..........
...........# ####
#.........#
+##≈≈###
#..........
#≈≈≈≈≈≈+
#....o.....
#≈≈Br≈≈+
#.....o.... #@≈#
#....l.Zo.#
####.###....###..#
........# ##..
##.......# ##$
#.......###..
#........#...
#...#........
#...####......
...# #........


You could see a river rat and a giant cockroach.

Vanquished Creatures
  A black bear (D:2)
  An orc wizard (D:3)
  Terence (D:2)
  A worker ant (D:4)
  6 adders
  An ooze (D:2)
  5 worms
  3 dart slugs
  3 leopard geckos
  5 orcs
  9 bats
  3 giant cockroaches
  7 goblins
  6 hobgoblins
  8 jackals
  3 quokkas
  4 frilled lizards
  6 kobolds
  6 rats
79 creatures vanquished.

Notes
Turn   | Place    | Note
-------+----------+-------------------------------------------
     0 | D:1      | halkony2012 the Minotaur Fighter began the quest for the
                  | Orb.
     0 | D:1      | Reached XP level 1. HP: 19/19 MP: 0/0
   151 | D:1      | Reached XP level 2. HP: 27/27 MP: 1/1
   319 | D:1      | Reached skill level 3 in Long Blades
   373 | D:1      | Found a shimmering altar of Xom.
   518 | D:1      | Found a white marble altar of Elyvilon.
   518 | D:1      | Found an ancient bone altar of Kikubaaqudgha.
   520 | D:1      | Found a burning altar of Makhleb.
   520 | D:1      | Found an opulent altar of Gozag.
   520 | D:1      | Found a sacrificial altar of Ru.
   622 | D:1      | Reached XP level 3. HP: 32/33 MP: 2/2
   718 | D:2      | Noticed Terence
   734 | D:2      | Killed Terence
   734 | D:2      | Reached skill level 4 in Long Blades
  1080 | D:2      | Reached XP level 4. HP: 37/40 MP: 3/3
  1395 | D:2      | Found a glowing golden altar of the Shining One.
  1739 | D:2      | Reached skill level 5 in Long Blades
  2011 | D:3      | Reached XP level 5. HP: 46/46 MP: 4/4
  2064 | D:3      | Noticed a black bear
  2113 | D:2      | Killed a black bear
  2113 | D:2      | Reached skill level 6 in Long Blades
  2596 | D:3      | Reached XP level 6. HP: 49/53 MP: 5/5
  2993 | D:4      | Found a sparkling altar of Nemelex Xobeh.
  3081 | D:4      | Reached skill level 7 in Long Blades
  3143 | D:4      | Found Ybotosud's Armour Shoppe.
  3180 | D:4      | Gained mutation: Your movements are slightly less
                  | encumbered by armour. (ER -2) [potion of mutation]
  3180 | D:4      | Gained mutation: You have a pair of large horns on your
                  | head. [potion of mutation]
  3182 | D:4      | HP: 1/53 [iguana (9)]
  3186 | D:4      | Slain by a river rat

Illustrated notes

Levels and vault maps discovered:
D:1:      lightli_arrival_statuegarden, layout_loops_ring, doesnt_xom_only_xom
D:2:      layout_loops_cross, nicolae_overflow_hidden_temple, uniq_terence
D:3:      layout_rooms
D:4:      layout_layer_cave, gup_sewer_entry_bowl, serial_shops,
          nicolae_shop_trees, nemelex_xobeh_ov_fountains_minmay

Skill      XL: |  1  2  3  4  5  6 |
---------------+-------------------+-----
Long Blades    | 3 4 5 6 7 |  7.0
Fighting       | 4 |  4.5
Armour         | |  3.8
Dodging        | |  0.7
Stealth        | |  0.6
Shields        | |  3.9

Action                   |  1- 3 |  4- 6 || total
-------------------------+-------+-------++-------
Melee: Long sword        |    74 |   122 ||   196
       Headbutt          |    10 |    16 ||    26
  Use: Scroll            |       |     9 ||     9
       Potion            |       |     2 ||     2
Armor: Scale mail        |    30 |     6 ||    36
       Chain mail        |       |    61 ||    61
Dodge: Dodged            |    23 |    31 ||    54
Block: Kite shield       |    34 |    71 ||   105
       Rpst.: Long sword |     5 |     5 ||    10

Table legend: (Time is in decaauts)
 A = Elapsed time spent in this place.
 B = Non-inter-level travel time spent in this place.
 C = Inter-level travel time spent in this place.
 D = Time resting spent in this place.
 E = Time spent auto-exploring this place.
 F = Levels seen in this place.
 G = Mean time per level.
                   A        B        C        D        E       F      G
               +--------+--------+--------+--------+--------+-----+--------+
         Total |   3234 |   3115 |    119 |    401 |   1736 |   4 |  808.5 |
       Dungeon |   3234 |   3115 |    119 |    401 |   1736 |   4 |  808.5 |
               +--------+--------+--------+--------+--------+-----+--------+

Top non-repeatable levels by time:
     D:2: 1202 daAuts
     D:3: 849 daAuts
     D:1: 799 daAuts
     D:4: 383 daAuts
